← All builds
Suicide front / Armada / Factory first / OBSERVED BUILD

Standard suicide front

Armada Suicide front build order · Supreme Isthmus

The role's baseline: Bot Lab at 0:21 then straight into reclaim-fed T1 bot production to contest the middle and hold until T2 arrives, with an Advanced Metal Extractor around 9:45.

#rush · 2245 distinct matches · 261 players · 72% of Armada Suicide front games · team won 59% of 2635 · Recently observed

HOW TO PLAY IT

Key timing: Bot Lab by 0:20

  1. Open with mex and lab-first to get Bot Lab up by 0:20.
  2. Expand mex and wind while lab pumps units toward middle.
  3. Push Sentry and early Rocketeer, Centurion to contest middle.
  4. Get T2 constructor out once Pond's boost lets you spare metal.
  5. Upgrade mex to Advanced Metal Extractor as you transition off T1 spam.

Phase by phase

TYPICAL OF ITS 2245 GAMES
  1. 1
  2. 2
  3. 3
PLAY THE OPENING

Follow the example game's first 6:00 step by step: what to build now, what comes next, and where it goes. At 1× it keeps pace with your own game.

  1. 1

    Bot Lab first

    Order
    1. Bot LabBot Lab done ~0:26, middle half 0:20–0:33

    Some games also: mex (47%)

  2. 2

    Bot Lab to 5:00

    Economy
    • Metal Extractor5Mex
    • Wind Turbine4Wind
    Builders
    • Construction Bot3 Con bot
    • Lazarus2 Lazarus
    Army
    • Sentry4 Sentry
    • Rocketeer16 Rocketeer
    • Tick2 Tick
    • Centurion1 Centurion
    Other
    • Radar Tower1 Radar Tower

    Some games also: pawn (39%) · con turret (34%)

    By 5:00 in all: 5 mex · 4 wind

    The example game in this phase · 23 steps
    1. TickTick
    2. Mex
    3. Construction BotCon bot ×2
    4. SentrySentry
    5. LazarusLazarus
    6. Mex
    7. Construction BotCon bot
    8. LazarusLazarus
    9. CenturionCenturion
    10. SentrySentry ×2
    11. RocketeerRocketeer
    12. Radar TowerRadar Tower
    13. Wind
    14. Mex
    15. RocketeerRocketeer
    16. BeamerBeamer
    17. Dragon's TeethDragon's Teeth ×3
    18. RocketeerRocketeer ×9
    19. Con turret
    20. RocketeerRocketeer ×4
    21. LazarusLazarus ×3
    22. NettleNettle
    23. RocketeerRocketeer ×2
  3. 3

    5:00 to 10:00

    Economy
    • Metal Extractor1Mex
    • Wind Turbine15Wind
    Builders
    • Construction Turret2 Con turret
    • Lazarus2 Lazarus
    • Construction Bot1 Con bot
    Army
    • Sentry1 Sentry
    • Rocketeer8 Rocketeer

    Some games also: pawn (48%) · Radar Tower (46%) · centurion (44%) · tick (43%) · energy storage (42%) · eat Bot Lab (31%)

    By 10:00 in all: 6 mex · 21 wind · 1 energy storage · 2 con turret

    The example game in this phase · 244 steps
    1. Construction BotCon bot
    2. Con turret ×2
    3. Construction BotCon bot
    4. Metal storage
    5. Solar
    6. Construction BotCon bot
    7. SentrySentry
    8. Wind
    9. SentrySentry
    10. RocketeerRocketeer
    11. Wind
    12. SentrySentry
    13. RocketeerRocketeer
    14. Radar TowerRadar Tower
    15. Mex
    16. RocketeerRocketeer ×2
    17. Wind
    18. RocketeerRocketeer
    19. Wind
    20. RocketeerRocketeer
    21. Mex
    22. Wind ×2
    23. RocketeerRocketeer
    24. Sneaky PeteSneaky Pete
    25. Wind
    26. RocketeerRocketeer
    27. Wind
    28. RocketeerRocketeer
    29. Wind
    30. Aircraft PlantAircraft Plantdone 7:37
    31. Wind
    32. RocketeerRocketeer
    33. TickTick
    34. Wind ×4
    35. OspreyHeavy transport
    36. Wind
    37. Con turret
    38. Dragon's TeethDragon's Teeth ×2
    39. TickTick
    40. Dragon's TeethDragon's Teeth
    41. Wind ×2
    42. Dragon's TeethDragon's Teeth
    43. TickTick
    44. Dragon's TeethDragon's Teeth ×2
    45. Construction AircraftCon aircraft
    46. Wind
    47. Dragon's TeethDragon's Teeth
    48. TickTick
    49. Wind
    50. Dragon's TeethDragon's Teeth
    51. Wind
    52. TickTick
    53. Wind
    54. NettleNettle
    55. Wind
    56. TickTick
    57. Wind
    58. Con turret
    59. TickTick
    60. Con turret
    61. Wind
    62. NettleNettle
    63. Con turret
    64. TickTick
    65. Wind ×2
    66. Advanced Metal ExtractorT2 mexdone 9:30 · typical 9:49
    67. TickTick
    68. NettleNettle
    69. Wind
    70. TickTick
    71. Construction AircraftCon aircraft
    72. TickTick
    73. Wind ×2
    74. NettleNettle
    75. TickTick
    76. Con turret
    77. Wind
    78. TickTick
    79. FerretFerret
    80. NettleNettle
    81. TickTick
    82. Wind
    83. TickTick
    84. Wind
    85. TickTick
    86. Dragon's TeethDragon's Teeth
    87. Wind
    88. Dragon's TeethDragon's Teeth
    89. TickTick
    90. Wind
    91. Dragon's TeethDragon's Teeth ×2
    92. TickTick
    93. Dragon's TeethDragon's Teeth
    94. TickTick
    95. Wind
    96. TickTick
    97. Wind ×2
    98. TickTick ×2
    99. Wind
    100. Radar TowerRadar Tower ×2
    101. Wind
    102. Dragon's TeethDragon's Teeth
    103. TickTick
    104. Advanced Metal ExtractorT2 mex
    105. Wind
    106. TickTick
    107. Wind ×2
    108. GauntletGauntletdone 10:18
    109. SentrySentry
    110. TickTick
    111. OspreyHeavy transport
    112. TickTick
    113. Wind ×2
    114. TickTick
    115. Wind
    116. TickTick
    117. Wind
    118. TickTick
    119. Dragon's TeethDragon's Teeth
    120. SentrySentry ×2
    121. Dragon's TeethDragon's Teeth
    122. OspreyHeavy transport
    123. TickTick
    124. Dragon's TeethDragon's Teeth ×2
    125. Wind ×2
    126. TickTick
    127. Dragon's TeethDragon's Teeth
    128. Wind
    129. Dragon's TeethDragon's Teeth
    130. Advanced Metal ExtractorT2 mex
    131. TickTick
    132. Wind
    133. SentrySentry
    134. TickTick ×2
    135. Wind ×2
    136. TickTick
    137. SentrySentry
    138. TickTick
    139. Wind ×2
    140. Advanced Bot LabAdvanced Bot Labdone 12:11
    141. TickTick ×2
    142. Aircraft PlantEat Aircraft Plantreclaimed for its metal
    143. Wind ×2
    144. TickTick
    145. Wind
    146. TickTick
    147. Advanced Metal ExtractorT2 mex
    148. Wind
    149. TickTick ×2
    150. Mex
    151. TickTick ×3
    152. Wind
    153. TickTick
    154. Dragon's TeethDragon's Teeth
    155. TickTick
    156. Dragon's TeethDragon's Teeth
    157. TickTick
    158. Dragon's TeethDragon's Teeth
    159. TickTick ×2
    160. Wind
    161. TickTick ×2
    162. Wind
    163. TickTick ×3
    164. Wind
    165. TickTick
    166. Wind
    167. TickTick
    168. SentrySentry
    169. TickTick
    170. SharpshooterSniper botdone 12:42
    171. TickTick
    172. Wind
    173. TickTick ×2
    174. SentrySentry
    175. TickTick ×3
    176. Wind ×2
    177. TickTick ×2
    178. SentrySentry
    179. TickTick ×3
    180. Wind ×2
    181. TickTick ×2
    182. SharpshooterSniper bot
    183. TickTick ×2
    184. SentrySentry
    185. TickTick
    186. Wind
    187. Advanced Metal ExtractorT2 mex
    188. TickTick ×2
    189. Wind
    190. TickTick ×2
    191. Wind
    192. TickTick
    193. SentrySentry
    194. TickTick
    195. Wind ×2
    196. TickTick
    197. SmugglerJammer bot
    198. TickTick
    199. Fusion ReactorFusiondone 14:31
    200. TickTick
    201. Wind ×2
    202. TickTick
    203. CompassRadar bot
    204. TickTick ×2
    205. Wind
    206. TickTick ×3
    207. Wind
    208. TickTick ×2
    209. WelderWelder
    210. TickTick ×4
    211. Wind
    212. TickTick ×4
    213. Wind
    214. SentrySentry
    215. TickTick ×5
    216. Wind
    217. TickTick ×3
    218. Converter
    219. Hardened Energy Storage
    220. TickTick
    221. Wind
    222. TickTick
    223. LazarusLazarus
    224. SentrySentry
    225. Wind
    226. LazarusLazarus
    227. CitadelAnti-nukenot finished by 15:00
    228. Converter
    229. SentrySentry
    230. Wind
    231. TickTick ×3
    232. Wind
    233. TickTick ×2
    234. SentrySentry
    235. TickTick
    236. Converter
    237. TickTick ×2
    238. Aircraft PlantAircraft Plantnot finished by 15:00
    239. Wind
    240. TickTick ×2
    241. SentrySentry
    242. Advanced Bot LabEat Advanced Bot Labreclaimed for its metal
    243. TickTick ×2
    244. Con turret

Counts are medians over the build's games: half of them build more, half fewer. The example game is PRO_Rerory's (53 OS, 15/10/2026); pick another.

Team trades

IN AT LEAST 30% OF ITS GAMES

You hand over

Nothing regular.

You get

  • Tidal Generator4 Tidal from Pondfirst at 0:11 · in 68% of games
  • Advanced Construction Bot1 T2 con bot from Geo or Techfirst at 7:45 · in 57% of games

How it plays out

Typical game of this build, running totals by minute

Metal produced

010k20k
0:005:0010:0015:00

metal

Enemy metal destroyed

05k10k
0:005:0010:0015:00

metal

Own metal lost

05k10k
0:005:0010:0015:00

metal

2635 games.

Show as table
ByMetal produced: This buildEnemy metal destroyed: This buildOwn metal lost: This build
1:0023000
2:0088700
3:002006193130
4:003105646502
5:0041861357990
6:00535222011677
7:00654530812547
8:00775239633443
9:00903447304337
10:001040053465119
11:001185058925901
12:001353664446633
13:001533969177393
14:001720375528179
15:001915081878947
WHAT THE NUMBERS SAY

Standard Suicide front play wins a bit over half its games while taking the heaviest own losses of any role by 15:00.

  • + Produces 20142 metal by 15:00, highest of the front roles.
  • + First kill by 2:01 in all games, fastest contest of middle.
  • − Own metal lost hits 9178 by 15:00, more than enemy metal destroyed.
  • − Only 34% Rocketeer share shows army spread thin across many bot types.
THE EXAMPLE YOU ARE READING

PRO_Rerory

52.7 OS · 15/10/2026

Open source match ↗

6 received units · includes a constructor
681 metal received · 7564 energy received

Allied construction assistance is unknown. Timings are observations, not a promise of solo reproducibility.

Typical milestones

Bot Lab0:26Middle 50%: 0:20–0:33 · n=2626
Advanced Metal Extractor9:49Middle 50%: 8:52–11:00 · n=1888

Played most by

_X_265games of this buildPlatinumBlonde188games of this buildXad165games of this buildTrapCaT112games of this buildSoliloqueur81games of this build